 Dungeon Crawl Stone Soup version 0.26-a0-670-g578ab304f5 (webtiles) character file.

Game seed: 15097594413336419570

119 ANON1729 the Sneak (level 4, -7/42 HPs)
             Began as a Palentonga Delver on Oct 19, 2020.
             Mangled by a gnoll
             ... wielding a +0 spear
              (8 damage)
             ... on level 2 of the Dungeon.
             The game lasted 00:02:48 (2025 turns).

ANON1729 the Sneak (Palentonga Delver)              Turns: 2025, Time: 00:02:48

Health: -7/42      AC:  4    Str: 16    XL:     4   Next: 73%
Magic:  4/4        EV: 10    Int: 11    God:
Gold:   34         SH:  0    Dex: 11    Spells: 3/3 levels left

rFire    . . .     SeeInvis +   a - +0 hand axe
rCold    . . .     Faith    .   (no shield)
rNeg     . . .     Spirit   .   b - +0 leather armour
rPois    .         Reflect  .   (no helmet)
rElec    .         Harm     .   (no cloak)
rCorr    .         Rampage  .   (no gloves)
MR       .....                  (no barding)
Stlth    ++........             (no amulet)
HPRegen  0.14/turn              (no ring)
MPRegen  0.09/turn              (no ring)

@: no status effects
A: large, rugged brown scales 3, see invisible, deformed body, roll, armoured
tail
a: Rolling Charge


You were on level 2 of the Dungeon.
You visited 1 branch of the dungeon, and saw 4 of its levels.

You collected 34 gold pieces.

Inventory:

Hand Weapons
 a - a +0 hand axe (weapon)
Armour
 b - a +0 leather armour (worn)
Jewellery
 k - an uncursed ring of protection from magic {unknown}
Wands
 g - a wand of digging (3)
Scrolls
 c - 2 scrolls of fog
 d - a scroll of magic mapping
 e - a scroll of fear
 i - a scroll of remove curse {unknown}
 l - 4 scrolls of identify {unknown}
 q - a scroll of enchant armour {unknown}
Potions
 f - a potion of haste
 h - 2 potions of stabbing {unknown}
 j - a potion of degeneration {unknown}
 m - a potion of flight {unknown}
 n - a potion of invisibility {unknown}
 o - 2 potions of curing {unknown}
 p - a potion of brilliance {unknown}


   Skills:
 + Level 3.8 Fighting
 + Level 3.0 Axes
 + Level 2.4 Dodging
 + Level 3.8 Stealth


You had 3 spell levels left.
You didn't know any spells.
Your spell library was empty.

Dungeon Overview and Level Annotations

Branches:
Dungeon (5/15)
 Temple: D:4-7

Altars:

Shops:
D:5 *


Innate Abilities, Weirdness & Mutations

You are completely covered in rugged brown scales. (AC +3, +7% HP)
You have supernaturally acute eyesight. (SInv)
Armour fits poorly on your strangely shaped body.
You can roll at foes to attack.
You have a long armoured tail.


Message History

* * * LOW HITPOINT WARNING * * *
You hit the gnoll.
The gnoll is severely wounded.
The gnoll hits you but does no damage.
You hit the gnoll.
The gnoll is almost dead.
The gnoll hits you with a +0 spear.
* * * LOW HITPOINT WARNING * * *
You hit the gnoll but do no damage.
Your tail-slap misses the gnoll.
The gnoll is almost dead.
The gnoll hits you with a +0 spear.
* * * LOW HITPOINT WARNING * * *
The gnoll hits you with a +0 spear.
* * * LOW HITPOINT WARNING * * *
Evoke which item? (* to show all) (? for menu, Esc to quit)
Okay, then.
You hit the gnoll but do no damage.
The gnoll is almost dead.
The gnoll hits you with a +0 spear!
You die...

#..#.#.#.# #.#
#......#+########.#
#.................# #
#####..#.#............# ##
#.....................# #.
#...<.##.#........##### #.
#.....##[##.......# #.
#.....+....#......# ##
#.....##.#.###..@g# #
#....)##.#.# #.†..# ##
#####..<.#.###....##############.
#..>.#.......................
#.<..###############......##.
#.............# #......###
#############.# #......# #
#...#.# #......### #.#.#.#
#####'######.


You could see a gnoll.

Vanquished Creatures
  Jessica (D:2)
  3 adders
  A gnoll (D:2)
  3 worms
  A dart slug (D:2)
  An orc (D:3)
  2 giant cockroaches
  2 hobgoblins
  12 jackals
  2 kobolds (D:2)
  2 quokkas
  4 bats
  A frilled lizard (D:2)
  4 goblins
  3 rats (D:2)
42 creatures vanquished.

Notes
Turn   | Place    | Note
-------+----------+-------------------------------------------
     0 | D:5      | ANON1729 the Palentonga Delver began the quest for the Orb.
     0 | D:5      | Reached XP level 1. HP: 20/20 MP: 1/1
     9 | D:5      | Found Muaxilia's General Store.
   192 | D:5      | Reached XP level 2. HP: 25/27 MP: 2/2
   408 | D:3      | Reached XP level 3. HP: 21/33 MP: 3/3
  1260 | D:2      | Reached XP level 4. HP: 31/40 MP: 4/4
  1529 | D:2      | Noticed Jessica
  1544 | D:2      | Killed Jessica
  2024 | D:2      | HP: 1/42 [gnoll/+0 spear (4)]
  2025 | D:2      | Mangled by a gnoll

Illustrated notes

Levels and vault maps discovered:
D:2:      kennysheep_six_static_rooms, layout_basic, uniq_jessica
D:3:      layout_rooms, grunt_ministairs_5, minivault_14,
          minmay_misc_feat_hallway, uniq_terence
D:4:      layout_gridville, minmay_misc_feat_alley
D:5:      layout_basic, serial_shops, nicolae_shop_competitors_out_of_business

Skill      XL: |  1  2  3  4 |
---------------+-------------+-----
Dodging        | 2 |  2.4
Axes           | 3 |  3.0
Fighting       | |  3.8
Stealth        | |  3.8

Action                   |  1- 3 |  4- 6 || total
-------------------------+-------+-------++-------
Melee: Hand axe          |   101 |    49 ||   150
       Tailslap          |    16 |     3 ||    19
 Stab: Sleeping          |     2 |     1 ||     3
Armor: Leather armour    |    37 |    11 ||    48
Dodge: Dodged            |    75 |    33 ||   108

Table legend: (Time is in decaauts)
 A = Elapsed time spent in this place.
 B = Non-inter-level travel time spent in this place.
 C = Inter-level travel time spent in this place.
 D = Time resting spent in this place.
 E = Time spent auto-exploring this place.
 F = Levels seen in this place.
 G = Mean time per level.
                   A        B        C        D        E       F      G
               +--------+--------+--------+--------+--------+-----+--------+
         Total |   2052 |   2027 |     25 |    642 |   1025 |   4 |  513.0 |
       Dungeon |   2052 |   2027 |     25 |    642 |   1025 |   4 |  513.0 |
               +--------+--------+--------+--------+--------+-----+--------+

Top non-repeatable levels by time:
     D:2: 1461 daAuts
     D:3: 278 daAuts
     D:5: 263 daAuts
     D:4: 49 daAuts
